 Dungeon Crawl Stone Soup version 0.29.0-4-gdea44cf6ec (webtiles) character file.

Game seed: 11483482092886017673

12830 qw the Brawler (level 11, -1/29 (107) HPs)
             Began as a Troll Cinder Acolyte on Aug 30, 2022.
             Was an Initiate of Ignis.
             Shot with an arrow by a centaur (11 damage)
             ... on level 1 of the Lair of Beasts.
             The game lasted 00:22:19 (16172 turns).

qw the Brawler (Troll Cinder Acolyte)              Turns: 16172, Time: 00:22:20

HP:   -1/29 (107)   AC: 24    Str: 31    XL:     11   Next: 67%
MP:   0/16          EV:  9    Int: 10    God:    Ignis [......]
Gold: 908           SH:  0    Dex:  5    Spells: 12/12 levels left

rFire   + . .      SeeInvis .     - Unarmed
rCold   + . .      Faith    .   (no shield)
rNeg    . . .      Spirit   +   o - +4 moon troll leather armour {Spirit, Regen++ MP+5}
rPois   .          Reflect  .   h - +1 hat of the Raven {Str+3}
rElec   .          Harm     .   l - +1 cloak
rCorr   .          Rampage  .   (gloves unavailable)
Will    .....                   (boots unavailable)
Stlth   +.........              (no amulet)
HPRegen 2.49/turn               m - ring of protection from cold
MPRegen 0.15/turn               t - +4 ring of protection

@: fiery-armoured, extremely drained, bezotted, very slow
A: large, unfitting armour, claws 3, regeneration 1, shaggy fur 1, tough skin 1
a: Renounce Religion, Rising Flame


You were on level 1 of the Lair of Beasts.
You worshipped Ignis.
Ignis was noncommittal.
You visited 2 branches of the dungeon, and saw 11 of its levels.

You collected 908 gold pieces.


Innate Abilities, Weirdness & Mutations

You are too large for most types of armour.
You have claws for hands.
Your natural rate of healing is unusually fast.
You are covered in fur. (AC +1)
You have tough skin. (AC +1)


   Skills:
 + Level 6.9 Fighting
 - Level 5.0 Throwing
 - Level 2.0 Armour
 - Level 1.0 Dodging
 - Level 16.0 Unarmed Combat
 - Level 1.0 Spellcasting
 - Level 2.1 Fire Magic


You had 12 spell levels left.
You didn't know any spells.
Your spell library contained the following spells:

 Spells                   Type           Power      Damage    Failure   Level
 Scorch                   Fire           8%         2d5       24%         2

Inventory:

Missiles
 d - 2 boomerangs (quivered)
Armour
 h - the +1 hat of the Raven (worn) {Str+3}
   (You acquired it on level 5 of the Dungeon)

   Str:       It affects your strength (+3).
 l - a +1 cloak (worn)
 o - the +4 moon troll leather armour (worn) {Spirit, Regen++ MP+5}
   (You found it on level 4 of the Dungeon)

   MP:        It affects your magic capacity (+5).
   Regen:     It increases your rate of health regeneration.
Jewellery
 e - a ring of positive energy
 m - a ring of protection from cold (left claw)
 n - a ring of flight
 t - a +4 ring of protection (right claw)
Wands
 s - a wand of digging (5)
Scrolls
 a - a scroll of enchant weapon
 f - 5 scrolls of identify
Potions
 b - a potion of might
 c - 2 potions of haste
 g - 2 potions of mutation
 i - a potion of resistance
 j - 3 potions of cancellation

Dungeon Overview and Level Annotations

Branches:
Dungeon (10/15)            Temple (0/1) D:4            Lair (1/5) D:10 Zot: 717
    Orc (0/2) D:9

Altars:
Cheibriados
Dithmenos
Elyvilon
Gozag
Kikubaaqudgha
Qazlal
Ru
Sif Muna
Uskayaw
Yredelemnul
The Shining One

Shops:
D:5 [

Annotations:
D:6 1 runed translucent door, Crazy Yiuf
D:10 2 transporters
Lair:1 2 transporters


Message History

The centaur shoots an arrow.
The arrow hits you.
The centaur shoots an arrow.
The arrow hits you.
The centaur shoots an arrow.
The arrow barely misses you.
The centaur shoots an arrow.
The arrow hits you.
The centaur shoots an arrow.
The arrow hits you but does no damage.
The centaur shoots an arrow.
The arrow hits you.
The centaur shoots an arrow.
The arrow hits you but does no damage.
The centaur shoots an arrow.
The arrow hits you.
The centaur shoots an arrow.
The arrow barely misses you.
The centaur shoots an arrow.
The arrow barely misses you.
The centaur shoots an arrow.
The arrow closely misses you.
The centaur shoots an arrow.
The arrow hits you!
The centaur shoots an arrow.
The arrow closely misses you.
The centaur shoots an arrow.
The arrow hits you but does no damage.
The centaur shoots an arrow.
The arrow hits you.
The centaur shoots an arrow.
The arrow hits you.
The centaur shoots an arrow.
The arrow hits you but does no damage.
The centaur shoots an arrow.
The arrow hits you.
The centaur shoots an arrow.
The arrow hits you.
The centaur shoots an arrow.
The arrow closely misses you.
The centaur shoots an arrow.
The arrow hits you.
The centaur shoots an arrow.
The arrow closely misses you.
The centaur shoots an arrow.
The arrow barely misses you.
The centaur shoots an arrow.
The arrow hits you but does no damage.
The centaur shoots an arrow.
The arrow barely misses you.
The centaur shoots an arrow.
The arrow hits you but does no damage.
The centaur shoots an arrow.
The arrow hits you!
The centaur shoots an arrow.
The arrow hits you but does no damage.
The centaur shoots an arrow.
The arrow completely misses you.
The centaur shoots an arrow.
The arrow hits you.
The centaur shoots an arrow.
The arrow hits you!
The centaur shoots an arrow.
The arrow hits you.
The centaur shoots an arrow.
The arrow hits you!
The centaur shoots an arrow.
The arrow hits you.
16172 ||| INVOKING Fiery Armour.
A protective cloak of flame settles atop you.
You can no longer armour yourself in flame.
You can no longer call a swarm of foxfires against your foes.
The centaur shoots an arrow.
The arrow hits you!
You die...

....#..........# #....##
...........##### #####.##
..%........## ####### ##.##
###.....#.#~##.....# #.^.#### #
####.####~~#.._..# ~#......#
.#####..#####~~~~~~c#~~##....##
...#..%....#
#~~~~~~~~~#.#...####
...........#
#~~~)~~~~####..#..#.
(......#.#.# #~@~~~~# ###....#
###...####.# #)~~~~~# ##...#
#...# ######.)....# #...#
###..###### #.....#### #...#
......#...# ##.....# ##...#
..........## ##..).## . #P..##
...........## ##....# ..##....#
########....# ##...# ........#
##.....### #...# ..P......#


You could see a centaur.

Vanquished Creatures
  Harold (D:9)
  2 two-headed ogres
  Lodul (D:10)
  Pikel (D:6)
  Maurice (D:9)
  A cane toad (Lair:1)
  An unseen horror (D:10)
  2 hornets (D:8)
  2 vampires (D:9)
  2 wraiths
  13 yaks
  A steam dragon (D:8)
  7 water moccasins
  Duvessa (D:6)
  5 orc warriors
  An ice beast (D:5)
  4 sky beasts
  A black bear (D:6)
  9 ogres
  6 wolves (Lair:1)
  8 centaurs
  3 kobold brigands
  A gnoll sergeant (D:10)
  5 bullfrogs
  Blork the orc (D:6)
  A necrophage (D:5)
  5 wights (D:8)
  Dowan (D:6)
  6 killer bees (D:10)
  4 howler monkeys
  3 jellies
  A gnoll bouda (D:5)
  4 hounds
  7 orc priests
  5 iguanas
  6 orc wizards
  10 gnolls
  8 adders
  2 shadow imps
  4 white imps
  2 ufetubi
  2 worms
  2 dart slugs (D:1)
  34 orcs
  3 bats
  6 endoplasms
  3 giant cockroaches
  7 goblins
  6 hobgoblins
  5 jackals (D:3)
  23 kobolds
  2 quokkas (D:4)
  8 ball pythons
  5 frilled lizards
  3 rats
258 creatures vanquished.

Vanquished Creatures (others)
  An orc (D:9)
  A butterfly (D:7)
  A fungus (Lair:1)
  5 plants
8 creatures vanquished.

Grand Total: 266 creatures vanquished

Notes
Turn   | Place    | Note
-------+----------+-------------------------------------------
     0 | D:1      | qw the Troll Cinder Acolyte began the quest for the Orb.
     0 | D:1      | Reached XP level 1. HP: 22/22 MP: 1/1
     0 | D:1      | 0 ||| qw: Version: 0.1-a-95-gae9e614
     0 | D:1      | 0 ||| qw: Game counter: 4367
     0 | D:1      | 0 ||| qw: Always use a shield: true
     0 | D:1      | 0 ||| qw: God list: Okawaru
     0 | D:1      | 0 ||| qw: Allow faded altars: false
     0 | D:1      | 0 ||| qw: Do Orc after D:15 true
     0 | D:1      | 0 ||| qw: Do second Lair branch before Depths: true
     0 | D:1      | 0 ||| qw: Lair rune preference: random
     0 | D:1      | 0 ||| qw: Plans: Normal
     0 | D:1      | 0 ||| PLANNING D:1-11
    67 | D:1      | 67 ||| DRINKING 2 viscous white potions.
    69 | D:1      | 69 ||| Stepping randomly (stuck).
    70 | D:1      | 70 ||| Stepping randomly (stuck).
    72 | D:1      | 72 ||| Stepping randomly (stuck).
    74 | D:1      | 74 ||| Stepping randomly (stuck).
    97 | D:1      | 97 ||| Stepping randomly (stuck).
    99 | D:1      | 99 ||| Stepping randomly (stuck).
   101 | D:1      | 101 ||| Stepping randomly (stuck).
   103 | D:1      | 103 ||| Stepping randomly (stuck).
   105 | D:1      | 105 ||| Stepping randomly (stuck).
   107 | D:1      | 107 ||| Stepping randomly (stuck).
   109 | D:1      | 109 ||| Stepping randomly (stuck).
   111 | D:1      | 111 ||| Stepping randomly (stuck).
   113 | D:1      | 113 ||| Stepping randomly (stuck).
   115 | D:1      | 115 ||| Stepping randomly (stuck).
   117 | D:1      | 117 ||| Stepping randomly (stuck).
   143 | D:1      | 143 ||| Stepping randomly (stuck).
   144 | D:1      | 144 ||| Stepping randomly (stuck).
   205 | D:1      | 205 ||| Stepping ~*~*~tactically~*~*~ (stealth).
   231 | D:1      | Reached XP level 2. HP: 29/29 MP: 2/2
   245 | D:1      | 245 ||| READING scroll labelled XUCZEFU TUUPS.
   246 | D:1      | 246 ||| READING scroll labelled ORIAC JIAPROFO.
   247 | D:1      | 247 ||| Stepping randomly (stuck).
   248 | D:1      | 248 ||| Stepping randomly (stuck).
   249 | D:1      | 249 ||| Stepping randomly (stuck).
   250 | D:1      | 250 ||| Stepping randomly (stuck).
   251 | D:1      | 251 ||| Stepping randomly (stuck).
   252 | D:1      | 252 ||| Stepping randomly (stuck).
   253 | D:1      | 253 ||| Stepping randomly (stuck).
   257 | D:1      | 257 ||| Stepping randomly (stuck).
   280 | D:1      | 280 ||| Stepping randomly (stuck).
   281 | D:1      | 281 ||| Stepping randomly (stuck).
   319 | D:1      | 319 ||| UPGRADING to +0 cloak.
   369 | D:1      | 369 ||| Stepping randomly (stuck).
   403 | D:1      | 403 ||| Stepping ~*~*~tactically~*~*~ (hiding).
   491 | D:1      | 491 ||| Stepping ~*~*~tactically~*~*~ (stealth).
   551 | D:1      | Reached skill level 4 in Unarmed Combat
   991 | D:1      | Reached XP level 3. HP: 36/36 MP: 3/3
  1003 | D:1      | 1003 ||| READING scroll labelled WUPRYR TUTEHYS.
  1004 | D:1      | 1004 ||| DRINKING 2 bubbling clear potions.
  1005 | D:1      | 1005 ||| DRINKING 2 fuming blue potions.
  1006 | D:1      | 1006 ||| DROPPING potion of invisibility.
  1007 | D:1      | 1007 ||| DROPPING potion of magic.
  1092 | D:1      | 1092 ||| UPGRADING to ring of positive energy.
  1093 | D:1      | 1093 ||| READING scroll labelled PYILIBOMOP.
  1098 | D:1      | 1098 ||| READING 3 scrolls labelled YCZUIDERIRPH.
  1114 | D:1      | 1114 ||| DROPPING 2 scrolls of torment.
  1140 | D:2      | 1140 ||| STAIRDANCE
  1516 | D:2      | Found a faded altar of an unknown god.
  1531 | D:2      | 1531 ||| READING scroll labelled CUYGUKHLIEJ.
  1532 | D:2      | 1532 ||| READING scroll labelled TUPEOS RICU.
  1533 | D:2      | 1533 ||| READING scroll labelled TOQAJO NAEPH.
  1534 | D:2      | 1534 ||| READING 2 scrolls of identify.
  1534 | D:2      | 1534 ||| IDENTIFYING brown potion
  1568 | D:3      | 1568 ||| STAIRDANCE
  1584 | D:3      | 1584 ||| STAIRDANCE
  1602 | D:3      | Found a shimmering blue altar of Sif Muna.
  1631 | D:3      | Reached XP level 4. HP: 41/44 MP: 4/4
  1636 | D:3      | Reached skill level 5 in Unarmed Combat
  1728 | D:3      | 1728 ||| READING scroll labelled TIBUTR RARRAMI.
  1729 | D:3      | 1729 ||| READING scroll of teleportation.
  1797 | D:3      | 1797 ||| Stepping ~*~*~tactically~*~*~ (stealth).
  1988 | D:3      | Found a stormy altar of Qazlal.
  1988 | D:3      | Found a basalt altar of Yredelemnul.
  2024 | D:3      | 2024 ||| Stepping ~*~*~tactically~*~*~ (stealth).
  2029 | D:3      | 2029 ||| Stepping ~*~*~tactically~*~*~ (stealth).
  2030 | D:3      | 2030 ||| Stepping ~*~*~tactically~*~*~ (stealth).
  2031 | D:3      | 2031 ||| Stepping ~*~*~tactically~*~*~ (stealth).
  2032 | D:3      | 2032 ||| Stepping ~*~*~tactically~*~*~ (stealth).
  2033 | D:3      | 2033 ||| Stepping ~*~*~tactically~*~*~ (stealth).
  2211 | D:3      | Reached XP level 5. HP: 44/50 MP: 5/5
  2258 | D:3      | Found a snail-covered altar of Cheibriados.
  2275 | D:3      | 2275 ||| Stepping ~*~*~tactically~*~*~ (stealth).
  2279 | D:3      | 2279 ||| Stepping ~*~*~tactically~*~*~ (stealth).
  2373 | D:4      | Found a staircase to the Ecumenical Temple.
  2531 | D:4      | Reached skill level 6 in Unarmed Combat
  2655 | D:4      | Found the +4 moon troll leather armour {Spirit, Regen++
                  | MP+5}
  2914 | D:4      | 2914 ||| Stepping ~*~*~tactically~*~*~ (outnumbered).
  2943 | D:4      | 2943 ||| UPGRADING to +4 moon troll leather armour {Spirit,
                  | Regen++ MP+5}.
  2953 | D:4      | 2953 ||| DROPPING +0 robe.
  2995 | D:4      | 2995 ||| DRINKING 2 sedimented blue potions.
  2996 | D:4      | 2996 ||| READING 4 scrolls of identify.
  2996 | D:4      | 2996 ||| IDENTIFYING smoky black potion
  2997 | D:4      | 2997 ||| READING 3 scrolls of identify.
  2997 | D:4      | 2997 ||| IDENTIFYING smoky brown potion
  2998 | D:4      | 2998 ||| READING 2 scrolls of identify.
  2998 | D:4      | 2998 ||| IDENTIFYING green potion
  2999 | D:4      | 2999 ||| DROPPING potion of flight.
  3020 | D:5      | Entered Level 5 of the Dungeon
  3020 | D:5      | Found Qoameogh's Armour Shoppe.
  3021 | D:5      | 3021 ||| INVOKING Fiery Armour.
  3028 | D:5      | 3028 ||| Stepping ~*~*~tactically~*~*~ (outnumbered).
  3031 | D:5      | 3031 ||| Stepping ~*~*~tactically~*~*~ (outnumbered).
  3032 | D:5      | 3032 ||| Stepping ~*~*~tactically~*~*~ (outnumbered).
  3033 | D:5      | 3033 ||| Stepping ~*~*~tactically~*~*~ (outnumbered).
  3034 | D:5      | 3034 ||| Stepping ~*~*~tactically~*~*~ (outnumbered).
  3035 | D:5      | 3035 ||| Stepping ~*~*~tactically~*~*~ (outnumbered).
  3036 | D:5      | 3036 ||| Stepping ~*~*~tactically~*~*~ (outnumbered).
  3042 | D:5      | Reached skill level 7 in Unarmed Combat
  3042 | D:5      | Reached XP level 6. HP: 56/59 MP: 6/6
  3269 | D:5      | Noticed a water moccasin
  3272 | D:5      | Reached skill level 1 in Throwing
  3279 | D:5      | Killed a water moccasin
  3280 | D:5      | Reached XP level 7. HP: 53/66 MP: 7/7
  3283 | D:5      | 3283 ||| INVOKING Fiery Armour.
  3293 | D:5      | 3293 ||| FLEEEEING.
  3294 | D:5      | 3294 ||| FLEEEEING.
  3295 | D:5      | 3295 ||| FLEEEEING.
  3296 | D:5      | 3296 ||| FLEEEEING.
  3297 | D:5      | 3297 ||| FLEEEEING.
  3298 | D:5      | 3298 ||| FLEEEEING.
  3300 | D:5      | 3300 ||| FLEEEEING.
  3305 | D:5      | Reached skill level 8 in Unarmed Combat
  3416 | D:5      | 3416 ||| INVOKING Fiery Armour.
  3420 | D:5      | Reached skill level 3 in Fighting
  3421 | D:5      | Reached skill level 3 in Throwing
  3585 | D:5      | 3585 ||| READING scroll labelled ZIDASCH RIOCIZU.
  3585 | D:5      | Identified a scroll of acquirement
  3585 | D:5      | 3585 ||| ACQUIRING +1 hat of the Raven {Str+3}
  3585 | D:5      | Acquired the +1 hat of the Raven {Str+3}
  3587 | D:5      | 3587 ||| UPGRADING to +1 hat of the Raven {Str+3}.
  3592 | D:5      | 3592 ||| READING scroll labelled RERGHADISCHA.
  3593 | D:5      | 3593 ||| DRINKING 2 murky orange potions.
  3594 | D:5      | 3594 ||| DRINKING 2 bubbling emerald potions.
  3595 | D:5      | 3595 ||| READING 2 scrolls of identify.
  3595 | D:5      | 3595 ||| IDENTIFYING grey potion
  3596 | D:5      | 3596 ||| DROPPING potion of degeneration.
  3637 | D:6      | 3637 ||| Stepping ~*~*~tactically~*~*~ (outnumbered).
  3638 | D:6      | 3638 ||| Stepping ~*~*~tactically~*~*~ (outnumbered).
  3638 | D:6      | Noticed Pikel
  3640 | D:6      | 3640 ||| Stepping ~*~*~tactically~*~*~ (outnumbered).
  3641 | D:6      | 3641 ||| Stepping ~*~*~tactically~*~*~ (outnumbered).
  3642 | D:6      | 3642 ||| Stepping ~*~*~tactically~*~*~ (outnumbered).
  3651 | D:6      | Killed Pikel
  3652 | D:6      | Reached skill level 10 in Unarmed Combat
  3652 | D:6      | Reached XP level 8. HP: 75/75 MP: 8/8
  3697 | D:6      | Reached skill level 1 in Armour
  3743 | D:6      | Found a runed translucent door.
  3744 | D:6      | Noticed Crazy Yiuf
  3875 | D:6      | Noticed Blork the orc
  3876 | D:6      | 3876 ||| Stepping ~*~*~tactically~*~*~ (hiding).
  3882 | D:6      | Killed Blork the orc
  4011 | D:6      | Found a shadowy altar of Dithmenos.
  4019 | D:6      | Found an opulent altar of Gozag.
  4060 | D:6      | 4060 ||| Stepping ~*~*~tactically~*~*~ (hiding).
  4062 | D:6      | 4062 ||| Stepping ~*~*~tactically~*~*~ (hiding).
  4230 | D:6      | Noticed Duvessa
  4230 | D:6      | Noticed Dowan
  4231 | D:6      | 4231 ||| INVOKING Fiery Armour.
  4239 | D:6      | Killed Duvessa
  4246 | D:6      | Killed Dowan
  4265 | D:6      | 4265 ||| Stepping ~*~*~tactically~*~*~ (stealth).
  4266 | D:6      | 4266 ||| Stepping ~*~*~tactically~*~*~ (stealth).
  4275 | D:6      | 4275 ||| Stepping ~*~*~tactically~*~*~ (hiding).
  4276 | D:6      | 4276 ||| Stepping ~*~*~tactically~*~*~ (hiding).
  4283 | D:6      | Reached skill level 1 in Dodging
  4585 | D:6      | 4585 ||| Stepping ~*~*~tactically~*~*~ (stealth).
  4586 | D:6      | 4586 ||| Stepping ~*~*~tactically~*~*~ (stealth).
  4711 | D:6      | 4711 ||| UPGRADING to +4 ring of protection.
  4712 | D:6      | 4712 ||| READING scroll labelled WUACIPA ILIL.
  4713 | D:6      | 4713 ||| DRINKING 3 fuming red potions.
  4714 | D:6      | 4714 ||| DRINKING 2 blue potions.
  4815 | D:6      | 4815 ||| READING 2 scrolls of identify.
  4815 | D:6      | 4815 ||| IDENTIFYING metallic white potion
  4816 | D:6      | 4816 ||| DROPPING potion of lignification.
  4817 | D:6      | 4817 ||| DROPPING 2 potions of brilliance.
  4818 | D:6      | 4818 ||| DROPPING potion of ambrosia.
  4887 | D:7      | 4887 ||| Stepping ~*~*~tactically~*~*~ (hiding).
  4889 | D:7      | 4889 ||| Stepping ~*~*~tactically~*~*~ (hiding).
  4892 | D:7      | 4892 ||| Stepping ~*~*~tactically~*~*~ (hiding).
  4893 | D:7      | 4893 ||| Stepping ~*~*~tactically~*~*~ (hiding).
  4894 | D:7      | 4894 ||| Stepping ~*~*~tactically~*~*~ (outnumbered).
  4918 | D:7      | Reached XP level 9. HP: 84/84 MP: 9/9
  4953 | D:7      | 4953 ||| Stepping ~*~*~tactically~*~*~ (outnumbered).
  4956 | D:7      | 4956 ||| Stepping ~*~*~tactically~*~*~ (stealth).
  4957 | D:7      | 4957 ||| Stepping ~*~*~tactically~*~*~ (outnumbered).
  4958 | D:7      | 4958 ||| Stepping ~*~*~tactically~*~*~ (outnumbered).
  4961 | D:7      | 4961 ||| Stepping ~*~*~tactically~*~*~ (stealth).
  4962 | D:7      | 4962 ||| Stepping ~*~*~tactically~*~*~ (stealth).
  4963 | D:7      | 4963 ||| Stepping ~*~*~tactically~*~*~ (stealth).
  4967 | D:7      | 4967 ||| Stepping ~*~*~tactically~*~*~ (stealth).
  5034 | D:7      | Reached skill level 11 in Unarmed Combat
  5058 | D:7      | 5058 ||| Stepping ~*~*~tactically~*~*~ (hiding).
  5059 | D:7      | 5059 ||| Stepping ~*~*~tactically~*~*~ (hiding).
  5060 | D:7      | 5060 ||| Stepping ~*~*~tactically~*~*~ (hiding).
  5061 | D:7      | 5061 ||| Stepping ~*~*~tactically~*~*~ (hiding).
  5062 | D:7      | 5062 ||| Stepping ~*~*~tactically~*~*~ (hiding).
  5088 | D:7      | 5088 ||| Stepping ~*~*~tactically~*~*~ (hiding).
  5091 | D:7      | 5091 ||| Stepping ~*~*~tactically~*~*~ (hiding).
  5103 | D:7      | 5103 ||| Stepping ~*~*~tactically~*~*~ (outnumbered).
  5104 | D:7      | 5104 ||| Stepping ~*~*~tactically~*~*~ (outnumbered).
  5106 | D:7      | 5106 ||| Stepping ~*~*~tactically~*~*~ (outnumbered).
  5107 | D:7      | 5107 ||| INVOKING Fiery Armour.
  5108 | D:7      | 5108 ||| Stepping ~*~*~tactically~*~*~ (outnumbered).
  5110 | D:7      | 5110 ||| FLEEEEING.
  5111 | D:7      | 5111 ||| FLEEEEING.
  5112 | D:7      | 5112 ||| FLEEEEING.
  5113 | D:7      | 5113 ||| FLEEEEING.
  5114 | D:7      | 5114 ||| FLEEEEING.
  5115 | D:7      | 5115 ||| FLEEEEING.
  5116 | D:7      | 5116 ||| FLEEEEING.
  5117 | D:7      | 5117 ||| FLEEEEING.
  5118 | D:7      | 5118 ||| FLEEEEING.
  5119 | D:7      | 5119 ||| FLEEEEING.
  5121 | D:7      | 5121 ||| FLEEEEING.
  5122 | D:7      | 5122 ||| FLEEEEING.
  5123 | D:7      | 5123 ||| FLEEEEING.
  5124 | D:7      | 5124 ||| FLEEEEING.
  5125 | D:7      | 5125 ||| FLEEEEING.
  5126 | D:7      | 5126 ||| FLEEEEING.
  5127 | D:7      | 5127 ||| FLEEEEING.
  5128 | D:7      | 5128 ||| FLEEEEING.
  5129 | D:7      | 5129 ||| FLEEEEING.
  5258 | D:7      | You fall into a shaft and drop 2 floors!
  5262 | D:9      | 5262 ||| Stepping ~*~*~tactically~*~*~ (stealth).
  5293 | D:9      | 5293 ||| Stepping ~*~*~tactically~*~*~ (outnumbered).
  5314 | D:9      | Noticed Harold
  5315 | D:9      | 5315 ||| Stepping ~*~*~tactically~*~*~ (hiding).
  5336 | D:9      | Killed Harold
  5337 | D:9      | Reached skill level 12 in Unarmed Combat
  5353 | D:9      | Reached XP level 10. HP: 94/94 MP: 10/10
  5354 | D:9      | 5354 ||| Stepping ~*~*~tactically~*~*~ (outnumbered).
  5355 | D:9      | 5355 ||| Stepping ~*~*~tactically~*~*~ (outnumbered).
  5355 | D:9      | Noticed Maurice
  5366 | D:9      | Reached skill level 13 in Unarmed Combat
  5372 | D:9      | Paralysed by something for 5 turns
  5386 | D:9      | 5386 ||| INVOKING Fiery Armour.
  5389 | D:9      | Killed Maurice
  5465 | D:9      | 5465 ||| UPGRADING to +1 cloak.
  5475 | D:9      | 5475 ||| DROPPING +0 cloak.
  5578 | D:7      | 5578 ||| Stepping ~*~*~tactically~*~*~ (hiding).
  5761 | D:7      | Found a white marble altar of Elyvilon.
  5787 | D:7      | 5787 ||| Stepping ~*~*~tactically~*~*~ (stealth).
  5788 | D:7      | 5788 ||| Stepping ~*~*~tactically~*~*~ (stealth).
  5992 | D:7      | 5992 ||| Stepping ~*~*~tactically~*~*~ (stealth).
  5995 | D:7      | 5995 ||| Stepping ~*~*~tactically~*~*~ (outnumbered).
  5996 | D:7      | 5996 ||| Stepping ~*~*~tactically~*~*~ (outnumbered).
  5999 | D:7      | 5999 ||| Stepping ~*~*~tactically~*~*~ (outnumbered).
  6259 | D:8      | 6259 ||| Stepping ~*~*~tactically~*~*~ (hiding).
  6260 | D:8      | 6260 ||| Stepping ~*~*~tactically~*~*~ (hiding).
  6261 | D:8      | 6261 ||| Stepping ~*~*~tactically~*~*~ (hiding).
  6269 | D:8      | 6269 ||| Stepping ~*~*~tactically~*~*~ (stealth).
  6275 | D:8      | Paralysed by a hornet for 1 turns
  6284 | D:8      | Reached skill level 14 in Unarmed Combat
  6637 | D:8      | Found a sacrificial altar of Ru.
  6659 | D:8      | 6659 ||| Stepping ~*~*~tactically~*~*~ (hiding).
  6660 | D:8      | 6660 ||| Stepping ~*~*~tactically~*~*~ (hiding).
  6662 | D:8      | 6662 ||| Stepping ~*~*~tactically~*~*~ (outnumbered).
  6664 | D:8      | 6664 ||| Stepping ~*~*~tactically~*~*~ (outnumbered).
  6668 | D:8      | 6668 ||| Stepping ~*~*~tactically~*~*~ (outnumbered).
  6871 | D:8      | Noticed a two-headed ogre
  6877 | D:8      | Killed a two-headed ogre
  6878 | D:8      | Reached skill level 6 in Fighting
  7057 | D:8      | 7057 ||| DROPPING ring of ice.
  7058 | D:8      | 7058 ||| UPGRADING to ring of protection from cold.
  7060 | D:8      | 7060 ||| READING 4 scrolls of identify.
  7060 | D:8      | 7060 ||| IDENTIFYING glowing dark potion
  7061 | D:8      | 7061 ||| DROPPING potion of berserk rage.
  7184 | D:9      | Found a hide-covered altar of Uskayaw.
  7402 | D:9      | 7402 ||| Stepping ~*~*~tactically~*~*~ (stealth).
  7404 | D:9      | 7404 ||| FLEEEEING.
  7420 | D:9      | 7420 ||| Stepping ~*~*~tactically~*~*~ (stealth).
  7434 | D:9      | 7434 ||| Stepping ~*~*~tactically~*~*~ (outnumbered).
  7435 | D:9      | 7435 ||| DRINKING 4 potions of curing.
  7435 | D:9      | 7435 ||| (to cure confusion)
  7451 | D:9      | 7451 ||| DRINKING 3 potions of curing.
  7451 | D:9      | 7451 ||| (to cure confusion)
  7455 | D:9      | 7455 ||| Stepping ~*~*~tactically~*~*~ (outnumbered).
  7456 | D:9      | 7456 ||| Stepping ~*~*~tactically~*~*~ (outnumbered).
  7457 | D:9      | 7457 ||| Stepping ~*~*~tactically~*~*~ (outnumbered).
  7458 | D:9      | 7458 ||| Stepping ~*~*~tactically~*~*~ (outnumbered).
  7459 | D:9      | 7459 ||| INVOKING Fiery Armour.
  7460 | D:9      | 7460 ||| Stepping ~*~*~tactically~*~*~ (outnumbered).
  7461 | D:9      | 7461 ||| Stepping ~*~*~tactically~*~*~ (outnumbered).
  7462 | D:9      | 7462 ||| Stepping ~*~*~tactically~*~*~ (stealth).
  7463 | D:9      | 7463 ||| DRINKING 2 potions of curing.
  7463 | D:9      | 7463 ||| (to cure confusion)
  7467 | D:9      | 7467 ||| Stepping ~*~*~tactically~*~*~ (outnumbered).
  7467 | D:9      | Noticed a two-headed ogre
  7468 | D:9      | 7468 ||| Stepping ~*~*~tactically~*~*~ (outnumbered).
  7471 | D:9      | 7471 ||| FLEEEEING.
  7474 | D:9      | 7474 ||| DRINKING potion of curing.
  7474 | D:9      | 7474 ||| (to cure confusion)
  7476 | D:9      | 7476 ||| Stepping ~*~*~tactically~*~*~ (outnumbered).
  7477 | D:9      | 7477 ||| Stepping ~*~*~tactically~*~*~ (outnumbered).
  7479 | D:9      | 7479 ||| Stepping ~*~*~tactically~*~*~ (outnumbered).
  7480 | D:9      | 7480 ||| Stepping ~*~*~tactically~*~*~ (outnumbered).
  7481 | D:9      | 7481 ||| Stepping ~*~*~tactically~*~*~ (outnumbered).
  7482 | D:9      | 7482 ||| Stepping ~*~*~tactically~*~*~ (outnumbered).
  7483 | D:9      | 7483 ||| Stepping ~*~*~tactically~*~*~ (outnumbered).
  7484 | D:9      | 7484 ||| Stepping ~*~*~tactically~*~*~ (outnumbered).
  7485 | D:9      | 7485 ||| Stepping ~*~*~tactically~*~*~ (outnumbered).
  7486 | D:9      | 7486 ||| Stepping ~*~*~tactically~*~*~ (outnumbered).
  7487 | D:9      | 7487 ||| Stepping ~*~*~tactically~*~*~ (outnumbered).
  7498 | D:9      | Killed a two-headed ogre
  7499 | D:9      | Reached XP level 11. HP: 107/107 MP: 7/11
  7618 | D:9      | Found a staircase to the Orcish Mines.
  7711 | D:10     | Entered Level 10 of the Dungeon
  7821 | D:10     | 7821 ||| Stepping ~*~*~tactically~*~*~ (stealth).
  7823 | D:10     | 7823 ||| Stepping ~*~*~tactically~*~*~ (stealth).
  7868 | D:10     | 7868 ||| Stepping ~*~*~tactically~*~*~ (outnumbered).
  7919 | D:10     | Found a glowing golden altar of the Shining One.
  7923 | D:10     | Found a staircase to the Lair.
  8342 | D:10     | Found a transporter.
  8406 | D:10     | Noticed Lodul
  8407 | D:10     | 8407 ||| Stepping ~*~*~tactically~*~*~ (hiding).
  8411 | D:10     | 8411 ||| Stepping ~*~*~tactically~*~*~ (hiding).
  8412 | D:10     | 8412 ||| Stepping ~*~*~tactically~*~*~ (hiding).
  8413 | D:10     | 8413 ||| INVOKING Fiery Armour.
  8420 | D:10     | Killed Lodul
  8421 | D:10     | Reached skill level 15 in Unarmed Combat
  8432 | D:10     | 8432 ||| FLEEEEING.
  8434 | D:10     | 8434 ||| FLEEEEING.
  8435 | D:10     | 8435 ||| FLEEEEING.
  8436 | D:10     | 8436 ||| FLEEEEING.
  8437 | D:10     | 8437 ||| FLEEEEING.
  8438 | D:10     | 8438 ||| FLEEEEING.
  8439 | D:10     | 8439 ||| FLEEEEING.
  8440 | D:10     | 8440 ||| FLEEEEING.
  8497 | D:10     | Found a transporter.
  8547 | D:10     | Identified the +7 shortbow of Extremism {flame, rF+}
  8590 | D:10     | 8590 ||| READING scroll labelled FELYUDGHISH.
  8645 | D:10     | 8645 ||| Stepping ~*~*~tactically~*~*~ (outnumbered).
  8648 | D:10     | 8648 ||| Stepping ~*~*~tactically~*~*~ (outnumbered).
  8650 | D:10     | 8650 ||| Stepping ~*~*~tactically~*~*~ (outnumbered).
  8651 | D:10     | 8651 ||| Stepping ~*~*~tactically~*~*~ (outnumbered).
  8711 | D:10     | 8711 ||| READING scroll of teleportation.
  8808 | D:10     | 8808 ||| Stepping randomly (stuck).
  8809 | D:10     | 8809 ||| PLANNING LAIR
  8869 | Lair:1   | Entered Level 1 of the Lair of Beasts
  8914 | Lair:1   | 8914 ||| Stepping ~*~*~tactically~*~*~ (stealth).
  8915 | Lair:1   | 8915 ||| Stepping ~*~*~tactically~*~*~ (stealth).
  8924 | Lair:1   | 8924 ||| Stepping ~*~*~tactically~*~*~ (outnumbered).
  8925 | Lair:1   | 8925 ||| Stepping ~*~*~tactically~*~*~ (outnumbered).
  8943 | Lair:1   | 8943 ||| INVOKING Fiery Armour.
  9032 | Lair:1   | Found a transporter.
  9035 | Lair:1   | Found a transporter.
  9037 | Lair:1   | Noticed a boulder beetle
  9094 | Lair:1   | Reached skill level 16 in Unarmed Combat
  9422 | Lair:1   | Found an ancient bone altar of Kikubaaqudgha.
  9423 | Lair:1   | 9423 ||| Stepping ~*~*~tactically~*~*~ (stealth).
 13889 | Lair:1   | Glimpsed the power of Zot.
 14389 | Lair:1   | Glimpsed the power of Zot.
 14789 | Lair:1   | Glimpsed the power of Zot.
 14889 | Lair:1   | Touched by the power of Zot.
 14890 | Lair:1   | Glimpsed the power of Zot.
 14949 | Lair:1   | 14949 ||| INVOKING Fiery Armour.
 15090 | Lair:1   | 15090 ||| INVOKING Fiery Armour.
 15092 | Lair:1   | HP: 16/68 [centaur/arrow (10)]
 15093 | Lair:1   | 15093 ||| DRINKING 3 potions of heal wounds.
 15390 | Lair:1   | Glimpsed the power of Zot.
 15790 | Lair:1   | Glimpsed the power of Zot.
 15889 | Lair:1   | Touched by the power of Zot.
 15890 | Lair:1   | Glimpsed the power of Zot.
 15944 | Lair:1   | 15944 ||| INVOKING Fiery Armour.
 15975 | Lair:1   | HP: 7/29 [centaur/arrow (6)]
 15976 | Lair:1   | 15976 ||| DRINKING 2 potions of heal wounds.
 16015 | Lair:1   | HP: 6/29 [centaur/arrow (10)]
 16016 | Lair:1   | 16016 ||| DRINKING potion of heal wounds.
 16172 | Lair:1   | 16172 ||| INVOKING Fiery Armour.
 16172 | Lair:1   | Shot with an arrow by a centaur

Levels and vault maps discovered:
D:1:      co_arrival_random_square_maze, layout_basic, serial_co_window_serial,
          co_window_paths_a, co_window_paths_b, co_window_corner_a,
          co_window_corner_a, co_window_corner_a, co_window_unsneaky_path_e,
          co_window_paths_c, co_window_broadway_c, co_window_unsneaky_path_c,
          co_window_corner_b, co_window_broadway_b, co_window_paths_d,
          glass_columns_c, glass_columns_a, glass_columns_a
D:2:      layout_rooms, hellmonk_ecumenical_altar_heavens_door
D:3:      cheibrodos_pilgrimage, layout_loops_cross, mainiacjoe_overflow_paths,
          gammafunk_temple_overflow_elements, cheibriados_altar_1,
          minmay_door_square
D:4:      layout_loops_cross, minmay_temple_entry_statues_pillars
D:5:      layout_rooms, serial_shops, shop_fountains
D:6:      layout_loops_ring, minitemple, uniq_pikel, uniq_duvessa,
          uniq_crazy_yiuf_cottage, uniq_blork_the_orc
D:7:      layout_basic, nicolae_elyvilon_peaceful_grove
D:8:      layout_gridville, nicolae_ru_the_path_less_chosen
D:9:      layout_layer_cave, overflow_temple_1_default, erik_orc_2,
          nicolae_titane, uniq_maurice, uniq_harold
D:10:     layout_loops_cross, tso_oasis_becter, lair_entry_dummy, serial_rivers,
          chequers_serial_rivers_marsh, chequers_serial_rivers_small_a,
          chequers_serial_rivers_small_a, chequers_serial_rivers_room_a,
          chequers_serial_rivers_micro_c, nicolae_diode_stairs, uniq_lodul
Lair:1:   gammafunk_boulding_lane, layout_concentric_octagons,
          lemuel_centaur_altar, uniq_maggie

Skill      XL: |  1  2  3  4  5  6  7  8  9 10 11 |
---------------+----------------------------------+-----
Unarmed Combat | 4 5 7 10 12 14 16 | 16.0
Throwing       | 2 3 4 5 |  5.0
Fighting       | 3 4 6 |  6.9
Armour         | 1 2 |  2.0
Dodging        | 1 |  1.0
Spellcasting   | |  1.0
Fire Magic     | |  2.1

Action                   |  1- 3 |  4- 6 |  7- 9 | 10-12 || total
-------------------------+-------+-------+-------+-------++-------
Melee: Unarmed           |   107 |   123 |   147 |   317 ||   694
       Punch             |     1 |     2 |     6 |    18 ||    27
Throw: Large rock        |       |     3 |    15 |     6 ||    24
       Boomerang         |       |       |       |    35 ||    35
Invok: Fiery Armour      |       |     1 |     4 |     8 ||    13
  Use: Potion            |     3 |     1 |     4 |     7 ||    15
       Scroll            |     9 |     5 |     5 |     3 ||    22
Armor: Robe              |    37 |    21 |       |       ||    58
       Troll leather arm |       |    22 |    67 |  3029 ||  3118
Dodge: Dodged            |    41 |    36 |    57 |  2492 ||  2626

Table legend:
 A = Non-vault XP
 B = Vault XP
 C = Vault XP percentage of total XP
 D = Non-vault monster count
 E = Vault monster count
 F = Vault count percentage of total count
                 A         B        C        D         E       F
            +---------+---------+-------+---------+---------+-------
      Total |   13403 |    4926 |  26.9 |     218 |      40 |  15.5
            +---------+---------+-------+---------+---------+-------
        D:1 |      45 |       0 |   0.0 |      23 |       0 |   0.0
        D:2 |      49 |       0 |   0.0 |      15 |       0 |   0.0
        D:3 |      60 |      50 |  45.5 |      14 |       5 |  26.3
        D:4 |     116 |       0 |   0.0 |      13 |       0 |   0.0
        D:5 |    1025 |       0 |   0.0 |      25 |       0 |   0.0
        D:6 |     331 |     943 |  74.0 |      10 |       4 |  28.6
        D:7 |    1333 |       0 |   0.0 |      35 |       0 |   0.0
        D:8 |    2963 |       0 |   0.0 |      15 |       0 |   0.0
        D:9 |    3173 |    1875 |  37.1 |      24 |      19 |  44.2
       D:10 |    1375 |    1707 |  55.4 |      25 |       9 |  26.5
     Lair:1 |    2933 |     351 |  10.7 |      19 |       3 |  13.6
            +---------+---------+-------+---------+---------+-------
